 Dungeon Crawl Stone Soup version 0.31-a0-237-g2d982f9f85 (webtiles) character file.

Game seed: 16542250778856054436

355 qw the Shooter (level 6, -1/38 HPs)
             Began as a Gargoyle Hexslinger on July 11, 2023.
             Killed from afar by an orc wizard (13 damage)
             ... with a puff of flame
             ... on level 4 of the Dungeon.
             The game lasted 00:01:01 (2226 turns).

qw the Shooter (Gargoyle Hexslinger)                Turns: 2226, Time: 00:01:01

Health: -1/38      AC: 12    Str: 12    XL:     6   Next: 63%
Magic:  7/7        EV: 11    Int: 13    God:
Gold:   204        SH:  0    Dex: 20    Spells: 6/7 levels left

rFire   . . .        Y - +0 shortbow (drain)
rCold   . . .        (shield currently unavailable)
rNeg    + . .        h - +0 ring mail
rPois   inf          (no helmet)
rElec   +            (no cloak)
rCorr   .            c - +0 pair of gloves
SInv    .            d - +1 pair of boots
Will    .....        g - amulet of the acrobat
Stlth   +            e - +6 ring of dexterity
HPRegen 0.26/turn    (no ring)
MPRegen 0.10/turn

%: acrobat
@: no status effects
A: sickness immunity, AC +4, negative energy resistance 1, electricity
resistance, torment resistance 1, petrification resistance
a: no special abilities


You were on level 4 of the Dungeon.
You visited 1 branch of the dungeon, and saw 4 of its levels.

You collected 204 gold pieces.


Innate Abilities, Weirdness & Mutations

You are immune to sickness and miasma.
Your stone body is resilient. (AC +4)
You are immune to poison.
You resist negative energy. (rN+)
You are resistant to electric shocks. (rElec)
You are resistant to unholy torment.
You are immune to petrification.


   Skills:
 - Level 3.8 Fighting
 + Level 5.7 Ranged Weapons
 - Level 1.1 Armour
 - Level 1.5 Dodging
 - Level 1.0 Spellcasting
 - Level 2.6 Hexes


You had 6 spell levels left.
You knew the following spells:

 Your Spells              Type           Power      Damage    Failure   Level
a - Slow                  Hex            28%        N/A       22%         1

Your spell library contained the following spells:

 Spells                   Type           Power      Damage    Failure   Level
 Inner Flame              Hex/Fire       4%         N/A       73%         3
 Portal Projectile        Hex/Tloc       8%         N/A       73%         3
 Cause Fear               Hex            3%         N/A       91%         4

Inventory:

Hand Weapons
 Y - a +0 shortbow of draining (weapon)
Armour
 c - a +0 pair of gloves (worn)
 d - a +1 pair of boots (worn)
 h - a +0 ring mail (worn)
Jewellery
 e - a +6 ring of dexterity (left hand)
 g - an amulet of the acrobat (around neck)
Scrolls
 a - 2 scrolls of identify
 b - 4 scrolls of teleportation
Potions
 f - a potion of heal wounds
 j - 2 potions of might

Dungeon Overview and Level Annotations

Branches:
Dungeon (4/15)
 Temple: D:4-7

Altars:
Ru

Shops:
D:1 [


Message History

Something hits you.
An orc wizard comes into view. It is wielding a +0 dagger.
Something hits you but does no damage. The goblin hits you but does no damage.
You shoot an arrow. The orc wizard shouts!
The arrow hits the goblin.
You kill the goblin!
You hear some strange, mumbled words.
A puff of flame appears from out of thin air!
The puff of flame hits you!
You shoot an arrow.
The arrow hits the orc priest but does no damage.
Something hits you but does no damage. The orc wizard casts a spell at you.
The puff of flame misses you.
You hear a bark!
You shoot an arrow. The arrow barely misses the orc priest.
You hear an angry hiss.
A hound comes into view.
Something hits you.
You shoot an arrow. The arrow barely misses the orc priest.
Something hits you but does no damage.
The orc priest hits you but does no damage.
Something hits you but does no damage.
You shoot an arrow. The arrow hits the orc priest!
The orc priest is heavily wounded.
The orc priest calls down the wrath of Beogh upon you.
Pain shoots through your body! Something hits you but does no damage.
You shoot an arrow. The arrow hits the orc priest.
You kill the orc priest!
Something hits you but does no damage.
You shoot an arrow. The arrow hits the orc wizard.
The orc wizard is lightly wounded.
The orc wizard closely misses you. Something hits you but does no damage.
You shoot an arrow. The arrow barely misses the orc wizard.
The orc wizard hits you but does no damage.
You hear some strange, mumbled words.
A puff of flame appears from out of thin air!
The puff of flame hits you!
You die...

#######........######%........
#######'#######.........
#.#...<...........
#.#.##..#.........
..#.#...##.......#
.######.#.#.##.......#
...[......#.#........#
..#####.###.#........# #{@..#
#.'........# .....ho####
###........# ......S
#........# #...... #........#
...)... #........# .......
#........# ....... ..#....


You could see a hound, an orc wizard and an adder.

Vanquished Creatures
  An ogre (D:4)
  A centaur (D:3)
  A hound (D:4)
  An orc priest (D:4)
  An orc wizard (D:4)
  5 adders
  An ufetubus (D:4)
  A worm (D:3)
  4 dart slugs
  An orc (D:4)
  7 ball pythons
  4 bats
  7 endoplasms
  4 giant cockroaches
  3 goblins
  4 hobgoblins
  3 kobolds
  5 quokkas
  2 frilled lizards (D:1)
  5 rats
61 creatures vanquished.

Notes
Turn   | Place    | Note
-------+----------+-------------------------------------------
     0 | D:1      | qw the Gargoyle Hexslinger began the quest for the Orb.
     0 | D:1      | Reached XP level 1. HP: 12/12 MP: 2/2
     0 | D:1      | 0 ||| qw: Version: 0.3-a-52-g30416fa
     0 | D:1      | 0 ||| qw: Game counter: 5882
     0 | D:1      | 0 ||| qw: Melee chars always use a shield: true
     0 | D:1      | 0 ||| qw: God list: Okawaru
     0 | D:1      | 0 ||| qw: Allow faded altars: false
     0 | D:1      | 0 ||| qw: Do Orc after clearing Dungeon:15 true
     0 | D:1      | 0 ||| qw: Do second Lair branch before Depths: true
     0 | D:1      | 0 ||| qw: Lair rune preference: random
     0 | D:1      | 0 ||| qw: Goals: Normal
     0 | D:1      | 0 ||| PLANNING D:1-11
   141 | D:1      | Reached XP level 2. HP: 16/16 MP: 3/3
   422 | D:1      | Reached skill level 3 in Ranged Weapons
   566 | D:1      | Found Nynahali's Antique Armour Shoppe.
   573 | D:1      | 573 ||| SHOPLISTING glowing robe (92 gold, have 44).
   573 | D:1      | 573 ||| SHOPLISTING pair of boots (112 gold, have 44).
   573 | D:1      | 573 ||| SHOPLISTING ring mail (100 gold, have 44).
   596 | D:1      | 596 ||| UPGRADING to +0 leather armour.
   606 | D:1      | 606 ||| DROPPING +0 robe.
   607 | D:1      | 607 ||| UPGRADING to amulet of the acrobat.
   612 | D:1      | 612 ||| DROPPING ring of flight.
   613 | D:1      | 613 ||| READING 2 scrolls labelled DANOCKO ZAURHI.
   614 | D:1      | 614 ||| READING scroll labelled PIZIXYRCHI.
   615 | D:1      | 615 ||| DRINKING 2 golden potions.
   616 | D:1      | 616 ||| DROPPING scroll of poison.
   695 | D:2      | HP: 4/16 [kobold/+1 dagger of venom (1)]
   696 | D:2      | 696 ||| DRINKING potion of heal wounds.
   769 | D:2      | Reached XP level 3. HP: 20/22 MP: 4/4
   827 | D:2      | 827 ||| FLEEEEING.
   828 | D:2      | 828 ||| FLEEEEING.
   987 | D:2      | Found a sacrificial altar of Ru.
  1255 | D:2      | 1255 ||| UPGRADING to +0 pair of gloves.
  1260 | D:2      | 1260 ||| UPGRADING to +1 pair of boots.
  1265 | D:2      | 1265 ||| UPGRADING to +6 ring of dexterity.
  1266 | D:2      | 1266 ||| READING 3 scrolls labelled OCWOASH WANOID.
  1270 | D:2      | 1270 ||| READING scroll labelled DICSO TOOL.
  1371 | D:2      | 1371 ||| READING 2 scrolls of identify.
  1371 | D:2      | 1371 ||| IDENTIFYING metallic sapphire potion
  1372 | D:2      | 1372 ||| DROPPING potion of degeneration.
  1392 | D:3      | Noticed a centaur
  1398 | D:3      | 1398 ||| Stepping ~*~*~tactically~*~*~ (outnumbered).
  1399 | D:3      | 1399 ||| Stepping ~*~*~tactically~*~*~ (outnumbered).
  1400 | D:3      | 1400 ||| Stepping ~*~*~tactically~*~*~ (outnumbered).
  1402 | D:3      | Killed a centaur
  1403 | D:3      | Reached skill level 4 in Ranged Weapons
  1403 | D:3      | Reached XP level 4. HP: 10/27 MP: 5/5
  1403 | D:3      | Reached XP level 5. HP: 11/31 MP: 6/6
  1487 | D:3      | 1487 ||| SWAPPING to +0 shortbow.
  1488 | D:3      | 1488 ||| DROPPING +1 sling.
  1869 | D:3      | Reached skill level 5 in Ranged Weapons
  1997 | D:3      | 1997 ||| UPGRADING to +0 ring mail.
  2007 | D:3      | 2007 ||| DROPPING +0 leather armour.
  2008 | D:3      | 2008 ||| READING scroll labelled APSIMORRIGE.
  2009 | D:3      | 2009 ||| DRINKING 3 bubbling sapphire potions.
  2027 | D:4      | Reached skill level 1 in Armour
  2054 | D:4      | Noticed an ogre
  2058 | D:4      | Killed an ogre
  2059 | D:4      | Reached skill level 3 in Fighting
  2059 | D:4      | Reached XP level 6. HP: 26/38 MP: 7/7
  2204 | D:4      | 2204 ||| Stepping ~*~*~tactically~*~*~ (outnumbered).
  2226 | D:4      | Killed from afar by an orc wizard

Levels and vault maps discovered:
D:1:      reono_arrival_forest_river, layout_basic, serial_shops, shop,
          ebering_dispersal_statue_hall, minmay_hexomino_p4
D:2:      layout_loops_ring, basic_altar
D:3:      layout_loops_ring, eino_tiny_chamber
D:4:      layout_basic, uniq_edmund

Skill      XL: |  1  2  3  4  5 |
---------------+----------------+-----
Ranged Weapons | 3 4 5 |  5.7
Fighting       | 2 3 |  3.8
Armour         | 1 |  1.1
Dodging        | |  1.5
Spellcasting   | |  1.0
Hexes          | |  2.6

Action                     |  1- 3 |  4- 6 || total
---------------------------+-------+-------++-------
   Fire: Sling             |   129 |     3 ||   132
         Shortbow          |       |    69 ||    69
    Use: Scroll            |     5 |     1 ||     6
         Potion            |     2 |     1 ||     3
 Armour: Leather armour    |    30 |     1 ||    31
         Robe              |     2 |       ||     2
         Ring mail         |       |    21 ||    21
  Dodge: Dodged            |    53 |    28 ||    81

Table legend:
 A = Non-vault XP
 B = Vault XP
 C = Vault XP percentage of total XP
 D = Non-vault monster count
 E = Vault monster count
 F = Vault count percentage of total count
                 A         B        C        D         E       F
            +---------+---------+-------+---------+---------+-------
      Total |     502 |       6 |   1.2 |      58 |       3 |   4.9
            +---------+---------+-------+---------+---------+-------
        D:1 |      14 |       6 |  30.0 |       9 |       3 |  25.0
        D:2 |      54 |       0 |   0.0 |      21 |       0 |   0.0
        D:3 |     158 |       0 |   0.0 |      15 |       0 |   0.0
        D:4 |     276 |       0 |   0.0 |      13 |       0 |   0.0
            +---------+---------+-------+---------+---------+-------
